← All builds
Tech / Armada / Economy first / OBSERVED BUILD

Standard tech

Armada Tech (Eco) build order · Supreme Isthmus

Rushes T2 by 4:15, gets Advanced Metal Extractor around 5:28, hands off T2 constructors to Geo and the team, then scales eco and supplies the team's T2 needs through the rest of the game.

Usually first T2 con to Geo (83%)

#eco #t2 #team support · 1593 distinct matches · 254 players · 60% of Armada Tech games · team won 54% of 1902 · Recently observed

HOW TO PLAY IT

Key timing: T2 factory by 4:15

  1. Open 3 mex and heavy wind to fund a fast T2 rush.
  2. Put down Bot Lab, planning to eat it for reclaim soon after.
  3. Get Advanced Bot Lab up, hitting the T2 factory rush timing.
  4. Upgrade mex to Advanced Metal Extractor to lock in team metal income.
  5. Eat Advanced Bot Lab and keep sending cons to Geo and Pond.

Phase by phase

TYPICAL OF ITS 1593 GAMES
  1. 1
  2. 2
  3. 3
  4. 4
PLAY THE OPENING

Follow the example game's first 6:00 step by step: what to build now, what comes next, and where it goes. At 1× it keeps pace with your own game.

  1. 1

    Up to the Bot Lab

    Economy
    • Metal Extractor3Mex
    • Wind Turbine4Wind
    Order
    1. Bot LabBot Lab after 3 mex, 4 winddone ~1:18, middle half 1:13–1:32

    Some games also: energy storage (31%)

    By 1:01 in all: 3 mex · 4 wind

    The example game in this phase · 3 steps
    1. Mex ×3
    2. Wind ×6
    3. Bot LabBot Labdone 1:30 · typical 1:18
  2. 2

    Bot Lab to Advanced Bot Lab

    Economy
    • Metal Extractor1Mex
    • Wind Turbine8Wind
    • Energy Storage1Energy storage
    Order
    1. Advanced Bot LabAdvanced Bot Lab after 4 mex, 12 wind, 3 con turretdone ~4:16, middle half 4:04–4:30
    Builders
    • Construction Turret3 Con turret
    • Lazarus3 Lazarus
    • Construction Bot2 Con bot
    • Construction Bot1 Con bot for allies

    Some games also: converter (36%)

    By 3:19 in all: 4 mex · 12 wind · 1 energy storage · 3 con turret

    The example game in this phase · 9 steps
    1. LazarusLazarus ×2
    2. Construction BotCon bot ×2
    3. Con turret
    4. Wind
    5. Mex
    6. Con turret
    7. Wind ×2
    8. Con turret
    9. Advanced Bot LabAdvanced Bot Labdone 4:24 · typical 4:16
  3. 3

    Advanced Bot Lab to 5:00

    Economy
    • Wind Turbine3Wind
    Order
    1. Bot LabEat Bot Lab
    Builders
    • Advanced Construction Bot1 T2 con bot for allies

    Some games also: converter (35%)

    By 5:00 in all: 4 mex · 15 wind · 1 converter · 1 energy storage · 3 con turret

    The example game in this phase · 11 steps
    1. Energy storage
    2. Wind ×2
    3. Bot LabEat Bot Labreclaimed for its metal
    4. Wind ×9
    5. Advanced Construction BotT2 con botfor Air
    6. Wind ×2
    7. Energy storage
    8. Advanced Metal ExtractorT2 mexdone 6:34 · typical 5:29
    9. Wind ×2
    10. Advanced Metal ExtractorT2 mex
    11. Wind
  4. 4

    5:00 to 10:00

    Economy
    • Wind Turbine43Wind
    • Energy Converter6Converter
    Builders
    • Butler9 Butler
    • Advanced Construction Bot4 T2 con bot for allies
    • Advanced Construction Bot1 T2 con bot

    Some games also: con turret (43%) · Butler for allies (37%)

    By 10:00 in all: 4 mex · 58 wind · 8 converter · 1 energy storage · 3 con turret

    The example game in this phase · 202 steps
    1. Advanced Metal ExtractorT2 mex
    2. Wind ×2
    3. Converter
    4. Advanced Construction BotT2 con botfor Geo sea
    5. Converter ×4
    6. Advanced Metal ExtractorT2 mex ×2
    7. Wind
    8. ButlerButler
    9. Wind
    10. ButlerButler ×2
    11. Wind
    12. ButlerButler
    13. Advanced Construction BotT2 con botfor Pond
    14. Wind
    15. ButlerButler
    16. Wind ×3
    17. ButlerButler
    18. Wind
    19. ButlerButler
    20. Converter
    21. Wind
    22. Converter
    23. Wind ×2
    24. ButlerButler
    25. Wind ×2
    26. ButlerButler
    27. Converter
    28. Wind
    29. Converter
    30. Wind
    31. ButlerButler
    32. Wind ×2
    33. Advanced Construction BotT2 con botfor Beach sea
    34. Wind
    35. Converter ×2
    36. Wind ×5
    37. Converter
    38. Wind ×4
    39. ButlerButler
    40. Wind ×3
    41. Converter ×2
    42. Wind ×4
    43. ButlerButler
    44. Wind ×4
    45. Converter
    46. Wind ×2
    47. Converter
    48. Wind ×2
    49. ButlerButler
    50. Wind
    51. Converter
    52. Wind ×4
    53. SharpshooterSniper botfor Geo seadone 9:50
    54. Converter
    55. Wind ×4
    56. Converter
    57. Wind ×9
    58. Converter
    59. Wind ×7
    60. Converter
    61. Wind ×6
    62. Converter
    63. Wind ×2
    64. Converter
    65. ButlerButler
    66. Wind ×6
    67. Converter
    68. Wind
    69. Converter
    70. Wind ×4
    71. ButlerButler
    72. Wind ×3
    73. Converter
    74. Wind ×2
    75. Converter
    76. Wind ×4
    77. Converter
    78. ButlerButler
    79. Wind ×6
    80. Converter
    81. Wind
    82. ButlerButler
    83. Wind ×2
    84. Converter
    85. Wind ×7
    86. Advanced Construction BotT2 con bot
    87. Converter ×2
    88. Wind ×8
    89. Converter ×2
    90. Wind ×7
    91. UmbrellaAnti-nukedone 12:12
    92. Converter ×2
    93. Wind ×8
    94. Converter ×2
    95. Wind ×4
    96. Con turret
    97. Wind ×2
    98. Converter ×2
    99. Wind ×9
    100. Converter ×2
    101. Wind ×8
    102. Converter
    103. Wind
    104. Converter
    105. Wind ×9
    106. Converter
    107. Wind
    108. Converter
    109. Wind ×7
    110. Converter ×2
    111. Wind ×3
    112. Con turret
    113. Wind ×7
    114. Converter
    115. Wind
    116. Converter
    117. Con turret
    118. Wind ×6
    119. Converter
    120. Wind
    121. Con turret
    122. Converter
    123. Wind ×6
    124. Converter
    125. Wind
    126. Con turret
    127. Converter
    128. Wind ×6
    129. Converter
    130. Wind ×4
    131. Con turret
    132. Wind
    133. Converter
    134. Wind ×5
    135. Converter
    136. Wind
    137. Metal storage
    138. Wind
    139. Converter
    140. Wind ×5
    141. Converter
    142. Wind ×5
    143. Converter
    144. Wind ×6
    145. Converter
    146. Wind ×2
    147. Converter
    148. Wind ×6
    149. Converter
    150. Wind
    151. Advanced Bot LabEat Advanced Bot Labreclaimed for its metal
    152. Wind ×3
    153. Converter
    154. Wind
    155. Con turret
    156. Wind ×5
    157. Con turret
    158. Fusion ReactorFusiondone 14:09
    159. Wind
    160. Converter
    161. Wind ×2
    162. Converter
    163. Wind ×8
    164. Con turret
    165. Wind
    166. Converter
    167. Wind
    168. Converter
    169. Wind ×7
    170. Converter
    171. Wind ×3
    172. Converter
    173. Wind ×8
    174. Converter
    175. Wind ×3
    176. Converter
    177. Wind
    178. Converter
    179. Wind ×6
    180. Converter
    181. Wind ×2
    182. Fusion ReactorFusion
    183. Converter
    184. Wind ×3
    185. Aircraft PlantAircraft Plantdone 14:51
    186. Wind ×2
    187. Converter
    188. Wind ×4
    189. Converter
    190. Wind
    191. Converter
    192. Wind ×4
    193. Converter
    194. Wind ×6
    195. Converter
    196. Wind
    197. Converter
    198. Wind ×4
    199. Converter
    200. Wind ×3
    201. Converter
    202. Wind ×3

Counts are medians over the build's games: half of them build more, half fewer. The example game is jerkinston's (31 OS, 25/08/2026); pick another.

Team trades

IN AT LEAST 30% OF ITS GAMES

You hand over

  • Construction Bot1 Con bot to Airfirst at 2:23 · in 84% of games
  • Advanced Construction Bot5 T2 con bot to Air or Pond or Geo seafirst at 4:50 · in 99% of games
  • Butler2 Butler to Geo sea or Beach sea or Pondfirst at 9:06 · in 42% of games

You get

  • Hercules1 Light transport from Airfirst at 4:01 · in 86% of games

How it plays out

Typical game of this build, running totals by minute

Metal produced

020k40k
0:005:0010:0015:00

metal

Enemy metal destroyed

050100150
0:005:0010:0015:00

metal

Own metal lost

050100150
0:005:0010:0015:00

metal

1902 games.

Show as table
ByMetal produced: This buildEnemy metal destroyed: This buildOwn metal lost: This build
1:0038300
2:0091500
3:00165200
4:00314300
5:00484800
6:00580100
7:00723000
8:00906400
9:001117800
10:001352000
11:001624200
12:001965200
13:002343000
14:0027286074
15:0031512108130
WHAT THE NUMBERS SAY

Standard Tech play barely fights at all early, instead pouring metal into T2 infrastructure and constructors for the team.

  • + Metal produced hits 31679 by 15:00, by far the highest of any role here.
  • + T2 factory reached in 97% of games by 4:15, fastest and most reliable T2 timing.
  • − Enemy metal destroyed stays at 0 through 10:00, no early offense at all.
  • − Own metal lost also near 0, showing total avoidance of combat risk.
THE EXAMPLE YOU ARE READING

jerkinston

30.6 OS · 25/08/2026

Open source match ↗

1 received units
1334 metal received · 113376 energy received

Allied construction assistance is unknown. Timings are observations, not a promise of solo reproducibility.

Typical milestones

Bot Lab1:18Middle 50%: 1:13–1:32 · n=1902
Advanced Bot Lab4:16Middle 50%: 4:04–4:30 · n=1895
Advanced Metal Extractor5:29Middle 50%: 5:05–5:59 · n=1898

Played most by

Amrissa96games of this buildTheGeneraI70games of this buildAdeus57games of this buildEl_Turco55games of this buildKOT_44games of this build